Cogmind - Beta 15 @@@ ROGUE MODE // 2025.08.04 @ 23:13:32 Player: 7604 Result: Escaped singularity! Performance ------------- Evolutions (9) 4500 Regions Visited (29) 5800 Robots Destroyed (232) 1160 Value Destroyed (10205) 10205 Prototype IDs (386) 7720 Alien Tech Used (4) 800 Bonus (48178) 48178 TOTAL SCORE: 78363 Bonus ------- High Alert Combat Kills 188 Follower Combat Kills 2035 Network Hubs Disabled 400 Aligned with FarCom 300 Met Zhirov 300 Built Enhanced Grunts 300 A7 Reached Mainframe 300 Met R17 at Cetus 500 Found Hidden Lab 3000 Met R17 at Research 2000 Destroyed MAIN.C Guards 500 Met MAIN.C 5000 Destroyed MAIN.C Shell 5000 Destroyed MAIN.C 10000 Met Architect 300 Destroyed A8 300 Destroyed Architect 15000 Win 3000 Friendly Fire -245 Cogmind --------- Core Integrity 1247/1600 Matter 238/300 Energy 98/100 System Corruption 1% Temperature Cool (0) Movement Core (50) Location Near Former Tau Ceti IV Parts ------- > --- POWER (3) -------- (None) > --- PROPULSION (5) --- (None) > --- UTILITY (12) ----- (None) > --- WEAPON (5) ------- (None) > --- INVENTORY (5) ---- EMDS Heavy Hardcell Cannon Peak State ------------ > --- POWER ------------ Antimatter-Point Reactor > --- PROPULSION ------- Treaded HC-Gravjet Exoskeleton > --- UTILITY ---------- Armored Scrap Engine Advanced Cooling System Experimental Cooling System High-capacity Storage Unit Tactical Coordination Suite Experimental Phase Shifter Experimental Powered Armor Heavy Regenerative Plating AEGIS Remote Shield Experimental System Purifier > --- WEAPON ----------- HERF Cannon Hvy. Thermal Nova Construct/C > --- INVENTORY -------- Zero-point Reactor Matter Compressor Experimental Matter Compressor Structural Scanner Precision Matter Filter Improved Kinecellerator Improved Weapon Cycler Advanced Phase Shifter Centrium Medium Armor Plating Heavy Regenerative Plating Transdimensional Reconstructor Core Regenerator EMDS Heavy Hardcell Cannon Gamma Bomb Array Mini Grenade Launcher Advanced Remote Datajack [Rating: 227] Favorites ----------- Power Constructs Engine Ion Engine Power Core Nuclear Core Reactor Constructs Propulsion Light Treads Treads Light Treads Leg Makeshift Leg Hover Unit Improved Antigrav System Utility High-capacity Storage Unit Device Armored Scrap Engine Storage High-capacity Storage Unit Processor Machine Analyzer Hackware Advanced Hacking Suite Protection Centrium Medium Armor Plating Weapon Constructs Energy Gun Small Laser Energy Cannon Constructs Ballistic Gun Gauss Rifle Ballistic Cannon Hypervelocity Mass Driver Launcher Missile Launcher Impact Weapon Shock Maul Slashing Weapon Scythe Piercing Weapon Kinetic Spear Special Melee Weapon Advanced Datajack Build | -11 -10 -10 -10 -9 -8 -8 -8 -6 -6 -6 -6 -5 -5 -5 -5 -5 -5 -4 -4 -4 -4 -3 -3 -3 -3 -2 -1 -1 -1 ------- Run | Yrd Mat Min Exi Min Mat Sto Rec Fac Low Low Zio Pro Fac Ext Cet Arc Hub Fac Upp Upp Zhi Pro Res Arm Lab Res Acc Com Ac0 Slots Evolved 18 | . . . . . 4 . . 4 . . . . 2 . . . . 2 . . . . 2 . . 2 2 . . Power 2 | . . . . . . . . 1 . . . . . . . . . . . . . . . . . 1 . . . Propulsion 3 | . . . . . 2 . . . . . . . . . . . . . . . . . . . . . 1 . . Utility 10 | . . . . . 2 . . 2 . . . . 1 . . . . 1 . . . . 2 . . 1 1 . . Weapon 3 | . . . . . . . . 1 . . . . 1 . . . . 1 . . . . . . . . . . . Parts Attached 147 | 7 8 3 . 7 10 9 3 10 6 1 . 1 8 5 3 3 2 7 5 2 2 1 12 2 . 9 6 15 . Power 5 | 1 . 1 . . . 1 . . . . . . . . . . . . . . . . . . . 2 . . . Engine 1 | 1 . . . . . . . . . . . . . . . . . . . . . . . . . . . . . Core 2 | . . 1 . . . 1 . . . . . . . . . . . . . . . . . . . . . . . Reactor 2 | . . . . . . . . . . . . . . . . . . . . . . . . . . 2 . . . Propulsion 14 | 2 . . . 2 4 4 . . . . . . . . . . . . . . . . . . . . 1 1 . Treads 11 | 2 . . . 1 4 4 . . . . . . . . . . . . . . . . . . . . . . . Leg 2 | . . . . 1 . . . . . . . . . . . . . . . . . . . . . . 1 . . Wheel . | . . . . . . . . . . . . . . . . . . . . . . . . . . . . . . Hover 1 | . . . . . . . . . . . . . . . . . . . . . . . . . . . . 1 . Flight . | . . . . . . . . . . . . . . . . . . . . . . . . . . . . . . Utility 76 | 2 5 2 . 1 1 1 2 5 3 1 . 1 4 4 2 1 2 3 1 1 2 1 6 1 . 7 5 12 . Device 44 | 1 2 2 . . 1 . 1 3 3 . . . 3 2 1 1 1 2 1 . 1 . 3 . . 4 3 9 . Storage 6 | 1 3 . . 1 . . . . . . . . . . . . . . . . . . . . . . . 1 . Processor 6 | . . . . . . . . 1 . 1 . . . . . . . 1 . . . . 1 . . 1 1 . . Hackware 3 | . . . . . . . 1 . . . . . . . . . . . . . . . 1 . . 1 . . . Protection 17 | . . . . . . 1 . 1 . . . 1 1 2 1 . 1 . . 1 1 1 1 1 . 1 1 2 . Artifact . | . . . . . . . . . . . . . . . . . . . . . . . . . . . . . . Weapon 52 | 2 3 . . 4 5 3 1 5 3 . . . 4 1 1 2 . 4 4 1 . . 6 1 . . . 2 . Energy Gun 8 | 1 . . . . 1 . . 1 1 . . . . 1 1 . . 1 1 . . . . . . . . . . Energy Cannon 14 | . 2 . . 1 1 . . 1 . . . . 2 . . . . 1 . . . . 4 1 . . . 1 . Ballistic Gun 9 | 1 . . . . 3 1 1 . 1 . . . . . . 1 . . . 1 . . . . . . . . . Ballistic Cannon 8 | . . . . . . . . 1 1 . . . 1 . . . . 1 3 . . . . . . . . 1 . Launcher 7 | . 1 . . 3 . . . 1 . . . . 1 . . . . 1 . . . . . . . . . . . Special Weapon . | . . . . . . . . . . . . . . . . . . . . . . . . . . . . . . Impact Weapon 1 | . . . . . . 1 . . . . . . . . . . . . . . . . . . . . . . . Slashing Weapon 2 | . . . . . . 1 . . . . . . . . . . . . . . . . 1 . . . . . . Piercing Weapon 1 | . . . . . . . . . . . . . . . . . . . . . . . 1 . . . . . . Special Melee Weapon 2 | . . . . . . . . 1 . . . . . . . 1 . . . . . . . . . . . . . Unidentified Prototypes 37 | . . . . . 1 1 1 3 1 . . . 1 . 2 1 1 5 . . 3 . 7 1 1 1 3 4 . Corrupted Parts 5 | . . . . . . . . . . . . . . . . 1 . . . . . . . . . . . 4 . System Corruption 21 | . . . . . . . . . . . . . . . . 4 . . . . . . . . . . . 17 . Parts Lost 9 | . . 2 . . . 2 . . . . . . . . . . . . . . . . . . . 1 1 3 . Power 1 | . . 1 . . . . . . . . . . . . . . . . . . . . . . . . . . . Propulsion 2 | . . . . . . 1 . . . . . . . . . . . . . . . . . . . . . 1 . Utility 6 | . . 1 . . . 1 . . . . . . . . . . . . . . . . . . . 1 1 2 . Weapon . | . . . . . . . . . . . . . . . . . . . . . . . . . . . . . . Highest Loss Streak 3 | . . 2 . . . 1 . . . . . . . . . . . . . . . . . . . 1 1 3 . To Critical Strikes . | . . . . . . . . . . . . . . . . . . . . . . . . . . . . . . Average Backups 17 | 1 8 13 13 18 23 23 20 18 18 18 19 19 17 18 18 18 17 15 15 15 15 16 17 18 18 18 17 16 13 Power . | . 1 1 1 1 1 1 . . . . . . . . . . . . . . . . . . . . . . . Propulsion 1 | . . . . . 2 4 1 4 3 3 3 3 2 2 1 2 2 1 1 2 1 1 . . . . 1 . . Utility 7 | . 2 4 5 6 6 7 9 5 5 7 8 8 8 7 7 9 9 7 8 8 9 11 9 10 11 9 5 6 6 Weapon 7 | . 4 7 7 10 12 9 8 7 8 8 7 6 7 8 8 6 6 6 5 5 4 3 4 5 5 5 8 5 4 Tool/Special . | . . . . . . . . . . . . . . . . . . . . . . . . . . . . . . Unused Backups 95 | . . . . . 5 1 19 13 2 . . 2 2 3 8 . 4 2 1 . 2 . 7 3 1 2 4 5 9 Power 6 | . . . . . . 1 1 . . . . . . . 2 . . . . . . . . . . . . 1 1 Propulsion 19 | . . . . . . . 6 2 1 . . 1 . 1 1 . 1 1 1 . 1 . 1 . . 2 . . . Utility 16 | . . . . . . . 3 3 . . . . 1 . 2 . 1 . . . . . 2 1 . . . . 3 Weapon 50 | . . . . . 4 . 9 8 1 . . 1 1 2 3 . 2 1 . . 1 . 3 2 1 . 4 4 3 Tool/Special 4 | . . . . . 1 . . . . . . . . . . . . . . . . . 1 . . . . . 2 Average Slot Usage (%) 72 | . 99 99 100 100 97 98 75 59 59 57 53 53 57 58 57 58 58 57 57 57 56 57 60 60 61 60 60 56 56 Engine 3 | . 14 9 14 14 9 4 . . 3 . . . . . . . . . . . . . . . . . . . . Core 2 | . . 4 . . . 4 8 5 2 6 6 6 5 5 3 . . . . . . . . . . . . . . Reactor 1 | . . . . . . . . . . . . . . . 1 5 5 5 5 5 5 5 4 4 4 4 4 4 4 Treads 13 | . 27 28 28 28 35 35 20 6 6 6 6 6 5 5 5 5 5 3 3 5 5 5 4 4 4 1 . 2 4 Device 17 | . 14 13 14 14 25 21 11 12 13 13 13 14 17 17 17 17 17 20 26 24 20 21 19 23 23 21 23 25 28 Storage 7 | . 14 14 14 14 9 9 9 6 6 6 6 6 5 5 5 5 5 5 5 5 5 5 4 4 4 4 4 4 4 Processor 2 | . . . . . . . . 3 6 6 6 6 5 5 5 5 5 5 5 5 5 5 7 4 4 4 4 . . Protection 5 | . . . . . . 4 9 8 5 5 6 4 5 5 5 5 5 5 . 1 5 5 8 8 9 12 12 10 8 Energy Cannon 5 | . 12 28 28 26 1 . . 1 . . . . . . . . . 2 4 5 5 5 2 4 4 3 . 3 8 Ballistic Gun 3 | . 7 . . . 15 16 10 . . . . . . . . 1 . . . . . . . . . . . . . Ballistic Cannon 1 | . . . . . . . . 3 6 6 6 6 5 5 5 5 5 2 . . . . 1 . . . 4 3 . Special Melee Weapon 1 | . . . . . . . . 1 3 3 . . 4 3 4 3 5 4 4 4 5 5 . . . . . . . Peak Build Rating 227 | 7 9 10 12 17 33 38 50 70 70 69 68 71 88 95 114 119 117 138 134 135 136 129 145 151 146 184 201 227 226 Average Rating 84 | 5 7 9 10 12 29 34 42 62 66 66 68 69 80 88 105 117 115 125 123 124 128 126 139 145 144 174 193 214 187 On Entrance 90 | . 7 8 10 12 14 33 34 42 67 67 68 68 68 83 88 114 118 117 138 123 127 129 126 145 144 146 182 198 226 Naked Turns 7 | . . . . . . . . . . . . . . . . . . . . . . . . . . . . . 7 Heaviest Build 175 | 13 52 52 52 93 97 106 106 84 84 79 78 84 83 99 99 100 95 97 92 101 92 92 100 107 103 132 141 175 . Greatest Support 353 | 40 40 40 40 40 85 85 112 112 112 112 112 112 144 162 196 196 196 196 196 191 221 221 221 221 221 237 195 353 3 Greatest Overweight (x) 31 | . 2 1 1 4 2 1 9 . . . . . . . . 31 . . . . . . . . . . . 1 . Average Overweight (x) . | . . 1 1 1 1 1 . . . . . . . . . 3 . . . . . . . . . . . . . Largest Inventory Capacity 25 | 8 20 20 20 25 25 25 25 20 20 20 20 20 20 20 20 20 20 20 20 20 20 20 20 20 20 20 20 20 20 Average Capacity 20 | 7 17 20 20 22 25 25 23 20 20 20 20 20 20 20 20 20 20 20 20 20 20 20 20 20 20 20 20 20 17 Most Carried 25 | 3 12 14 15 25 25 25 25 20 20 20 20 20 20 20 20 20 20 20 20 20 20 19 20 20 20 20 20 20 19 Average Carried 18 | 1 8 13 13 19 24 24 21 19 19 19 20 19 19 19 19 20 19 19 19 19 18 18 19 19 19 19 19 18 16 Final Capacity 25 | 8 20 20 20 25 25 25 20 20 20 20 20 20 20 20 20 20 20 20 20 20 20 20 20 20 20 20 20 20 5 Final Carried 25 | 3 12 13 15 24 25 25 18 19 20 20 20 19 20 20 20 20 20 20 20 20 18 19 19 19 20 20 18 19 4 Scrap Engine Consumption 176 | . . . . . . . 40 11 7 2 . 4 3 8 7 2 2 10 5 2 7 2 15 4 1 12 7 25 . Constructs Created 3 | . . . . . . . 3 . . . . . . . . . . . . . . . . . . . . . . Constructs Modified 79 | . . . . . . . 16 7 3 1 . 1 2 3 3 . . 5 4 . 4 1 7 1 . 7 1 13 . Class Distribution -------------------- 23% | Infiltrator-Construct 20% | Mutant 17% | Construct 13% | Commander-Construct 8% | Scavenger-Construct 7% | Skirmisher 4% | Commander-Mutant Dominant Class ---------------- Mutant | -10/Materials Mutant | -10/Mines Mutant | -10/Exiles Mutant | -9/Mines Skirmisher | -8/Materials Skirmisher | -8/Storage Commander-Mutant | -8/Recycling Construct | -6/Factory Construct | -6/Lower Caves Construct | -6/Lower Caves Construct | -6/Zion Construct | -5/Proximity Caves Infiltrator-Construct | -5/Factory Commander-Construct | -5/Extension Commander-Construct | -5/Cetus Commander-Construct | -5/Archives Commander-Construct | -5/Hub_04(d) Infiltrator-Construct | -4/Factory Infiltrator-Construct | -4/Upper Caves Infiltrator-Construct | -4/Upper Caves Construct | -4/Zhirov Construct | -3/Proximity Caves Infiltrator-Construct | -3/Research Infiltrator-Construct | -3/Armory Infiltrator-Construct | -3/Lab Infiltrator-Construct | -2/Research Construct | -1/Access Scavenger-Construct | -1/Command Scavenger-Construct | -1/Access_0 Resources | -11 -10 -10 -10 -9 -8 -8 -8 -6 -6 -6 -6 -5 -5 -5 -5 -5 -5 -4 -4 -4 -4 -3 -3 -3 -3 -2 -1 -1 -1 ----------- Run | Yrd Mat Min Exi Min Mat Sto Rec Fac Low Low Zio Pro Fac Ext Cet Arc Hub Fac Upp Upp Zhi Pro Res Arm Lab Res Acc Com Ac0 Matter Collected 10702 | 238 251 90 17 188 430 436 397 610 628 . . 242 86 952 266 131 128 541 580 368 76 30 618 468 . 823 260 1848 . Remotely . | . . . . . . . . . . . . . . . . . . . . . . . . . . . . . . Salvage Created 14987 | 15 377 100 . 164 379 726 1122 601 601 . . 211 132 1479 235 226 363 722 230 558 231 . 318 481 . 530 331 4283 572 Parts 700 | 5 33 10 . 12 24 42 61 25 29 . . 4 11 60 11 8 19 20 18 17 2 . 2 16 . 28 10 189 44 Haulers Intercepted 6 | . 2 . . . 1 2 . . . . . . . . . . . 1 . . . . . . . . . . . Recyclers Shooed 12 | 1 . . . . . 1 7 . . . . . . 1 . . . . . . . . . . . 1 . 1 . Parts Field Recycled . | . . . . . . . . . . . . . . . . . . . . . . . . . . . . . . Retrieved Matter . | . . . . . . . . . . . . . . . . . . . . . . . . . . . . . . Parts Self-Destructed 38 | . . . . . . . . . 10 . . 3 . . . . . . 10 15 . . . . . . . . . Prevented . | . . . . . . . . . . . . . . . . . . . . . . . . . . . . . . Kills | -11 -10 -10 -10 -9 -8 -8 -8 -6 -6 -6 -6 -5 -5 -5 -5 -5 -5 -4 -4 -4 -4 -3 -3 -3 -3 -2 -1 -1 -1 ------- Run | Yrd Mat Min Exi Min Mat Sto Rec Fac Low Low Zio Pro Fac Ext Cet Arc Hub Fac Upp Upp Zhi Pro Res Arm Lab Res Acc Com Ac0 Combat Hostiles Destroyed 160 | . 12 6 . 5 7 13 1 8 11 . . 3 4 18 3 1 2 6 6 7 . . 3 7 . 4 4 25 4 Melee 1 | . . . . . . . . . . . . . . . . . . . . . . . . 1 . . . . . Guns 20 | . 3 . . . 4 11 1 . . . . . . . . . . . . 1 . . . . . . . . . Cannons 95 | . 3 6 . . . . . 5 4 . . 3 1 18 3 1 2 6 2 6 . . 1 5 . . 2 23 4 AOE 33 | . 6 . . 5 3 2 . 3 7 . . . 3 . . . . . 4 . . . . . . . . . . Classes Destroyed 23 | 1 4 2 . 1 1 2 1 1 . . . . . 3 . 1 1 . 1 . . . . 2 . . . 2 . Worker 9 | . . 1 . . . . . 3 . . . . . 1 . . 1 . . . . . . . . 2 . 1 . Builder 13 | . . . . . . 1 6 . . . . . 1 1 . . 1 . . . . . . . . 3 . . . Tunneler 4 | 1 1 1 . . 1 . . . . . . . . . . . . . . . . . . . . . . . . Hauler 6 | . 2 . . . 1 2 . . . . . . . . . . . 1 . . . . . . . . . . . Recycler 25 | . . . . 1 1 . 11 2 . . . . . 1 . . 1 1 . . . . . . . 1 . 6 . Operator 5 | . . . . . . . . . . . . . . . . 2 1 . . . . . 1 . . . . 1 . Watcher 10 | . 2 . . . . . . 1 . . . . . 3 1 . . 2 . . . . . 1 . . . . . Swarmer 36 | . 9 3 . 3 3 1 . 3 7 . . . 3 . . . . . 4 . . . . . . . . . . Saboteur 1 | . . . . . . . . . . . . . . . . . . . . . . . . 1 . . . . . Grunt 29 | . 3 . . 2 . 5 2 2 . . . 3 . 5 . . . . . 6 . . . . . . 1 . . Brawler 2 | . . . . . . 1 . . . . . . . 1 . . . . . . . . . . . . . . . Duelist 2 | . . . . . . . . . . . . . . 2 . . . . . . . . . . . . . . . Protector 4 | . . . . . . . . . . . . . . . . . 1 . . . . . . . . . . 3 . Sentry 33 | . . . . . 4 6 . 1 . . . . 1 7 . 1 1 2 1 1 . . 3 2 . 1 1 1 . Demolisher 2 | . . . . . . . . . . . . . . . . . . . . . . . . 2 . . . . . Specialist 1 | . . . . . . . . . . . . . . . . . . . . . . . . . . . . 1 . Hunter 7 | . . . . . . . . . . . . . . 1 . . . 1 . . . . . . . . . 5 . Programmer 20 | . . . . . . . . 2 . . . . . . . . . 3 . . . . . 2 . 3 2 8 . Heavy 1 | . . . . . . . . . . . . . . . . . . . . . . . . . . . . 1 . Behemoth 2 | . . . . . . . . . . . . . . 2 . . . . . . . . . . . . . . . Cetus Guard 3 | . . . . . . . . . . . . . . . 3 . . . . . . . . . . . . . . M Guard 2 | . . . . . . . . . . . . . . . . . . . . . . . . . . . . 2 . Enhanced Grunt 2 | . . . . . . . . . . . . . . . . . . . . . . . . . . . . . 2 Combat Programmer 2 | . . . . . . . . . . . . . . . . . . . . . . . . . . . . 2 . Scrapper 1 | . . . . . . . 1 . . . . . . . . . . . . . . . . . . . . . . Assembled 3 | . . 3 . . . . . . . . . . . . . . . . . . . . . . . . . . . Thug 4 | . . . . . . . . . 4 . . . . . . . . . . . . . . . . . . . . Butcher 1 | . . . . . . . . . . . . . . . . 1 . . . . . . . . . . . . . Mutant 1 | . . . . . . . . . . . . . . . . . . . 1 . . . . . . . . . . Best Kill Streak 9 | 1 3 3 . 3 3 4 2 6 4 . . 3 4 6 3 2 3 2 4 4 . . 1 3 . 3 1 9 4 Combat Bots Only 5 | . 3 3 . 3 3 3 1 3 4 . . 3 3 5 2 1 1 2 4 4 . . 1 3 . 3 1 4 4 Max Kills in Single Turn 4 | 1 3 1 . 3 2 2 1 2 3 . . 1 4 2 1 2 1 1 4 1 . . 1 1 . 1 1 1 1 Gunslinging 1 | . 1 . . . . . . . . . . . . . . . . . . . . . . . . . . . . Exploded 4 | . 3 . . 3 2 2 . 2 3 . . . 3 . . . . . 4 . . . . . . . . . . Melee 1 | . . . . . . . . . . . . . . . . . . . . . . . . 1 . . . . . Uniques/NPCs Destroyed 4 | . . . . . . . . . . . . . . . . . . . . . . . . . . . . 2 2 MAIN.C Shell (-1/Command) MAIN.C (-1/Command) A8 (-1/Access_0) Architect (-1/Access_0) Combat | -11 -10 -10 -10 -9 -8 -8 -8 -6 -6 -6 -6 -5 -5 -5 -5 -5 -5 -4 -4 -4 -4 -3 -3 -3 -3 -2 -1 -1 -1 -------- Run | Yrd Mat Min Exi Min Mat Sto Rec Fac Low Low Zio Pro Fac Ext Cet Arc Hub Fac Upp Upp Zhi Pro Res Arm Lab Res Acc Com Ac0 Hostile Shots Fired 994 | . 40 20 . 3 16 84 5 69 18 . . 49 4 46 29 4 3 58 26 39 . . 10 53 . 49 36 272 61 Missed 324 | . 9 6 . . 5 27 . 17 2 . . 9 . 20 9 1 2 25 4 13 . . 5 16 . 16 8 100 30 Hits 670 | . 31 14 . 3 11 57 5 52 16 . . 40 4 26 20 3 1 33 22 26 . . 5 37 . 33 28 172 31 Melee 10 | . . 8 . . . . . . . . . . . . . . . . . . . . . 2 . . . . . Projectile 660 | . 31 6 . 3 11 57 5 52 16 . . 40 4 26 20 3 1 33 22 26 . . 5 35 . 33 28 172 31 AOE 24 | . . . . . . . . . . . . . . . . . . . . . . . . 11 . . . 13 . Critical Strikes 56 | . . . . . 1 3 . . . . . 5 . 3 6 1 . 2 1 5 . . . 1 . 8 2 17 1 Actively Blocked 2 | . . . . . . . . . . . . . . . . . . . . . . . . . . 2 . . . Part Disruptions 2 | . . . . . . . . . . . . . . . . . . . . . . . . . . . 1 1 . Damage Taken 12798 | . 361 263 . 32 96 663 66 529 227 . . 603 63 713 489 96 189 544 515 561 . . 329 1274 . 502 443 3703 537 Core 759 | . 47 45 . 10 . 70 . 40 50 . . 19 . 46 25 . 44 . 31 22 . . . 109 . 11 31 103 56 Absorbed by Shields 4612 | . . . . . 39 239 25 158 78 . . 119 . 45 125 16 . . . . . . . . . 407 272 2635 454 Reduced by Siege Mode 157 | . . . . . . . . . . . . . . . . . . . . . . . . . . . . 117 40 Redirected to Shielding 155 | . . . . . . . . . . . . . . . . . . . . . . . 23 76 . 56 . . . Regen/Repaired (Parts) 6993 | . 165 . . . . 25 . 159 200 . . 18 584 478 457 36 . 406 328 . 541 79 212 131 . 792 107 2243 32 Core Remaining (%) 86 | 100 . . . 59 . . 87 . . . . 87 . . . . 88 . . . . 95 . . 82 99 . . 77 Volleys Fired 716 | 4 33 19 . 4 27 41 55 45 28 . . 13 14 51 16 9 8 54 16 22 6 4 13 17 . 23 27 151 16 Largest 2 | 2 2 2 . 2 2 2 2 1 1 . . 1 2 1 1 1 1 1 2 1 1 1 1 1 . 1 1 1 1 Hottest 304 | 60 120 120 . 120 56 56 56 66 66 . . 99 129 225 225 171 171 171 222 171 171 171 304 304 . 304 304 303 194 Shots Fired 855 | 8 62 39 . 7 52 81 73 45 28 . . 13 15 51 16 9 8 54 18 32 6 4 13 17 . 23 27 138 16 Gun 269 | 8 30 . . . 50 80 73 4 . . . . . 9 1 4 . . . 10 . . . . . . . . . Cannon 565 | . 28 39 . 3 . . . 38 25 . . 13 14 41 15 5 8 54 16 22 6 4 13 17 . 23 27 138 16 Launcher 21 | . 4 . . 4 2 1 . 3 3 . . . 1 1 . . . . 2 . . . . . . . . . . Special . | . . . . . . . . . . . . . . . . . . . . . . . . . . . . . . Kinetic 574 | 4 15 . . . 50 80 73 31 25 . . 13 14 41 15 9 8 54 5 10 . . 2 9 . . . 116 . Thermal 165 | 4 43 39 . 3 . . . 9 . . . . . 9 1 . . . 11 22 6 . . . . . . 2 16 Explosive 21 | . 4 . . 4 2 1 . 3 3 . . . 1 1 . . . . 2 . . . . . . . . . . Electromagnetic 95 | . . . . . . . . 2 . . . . . . . . . . . . . 4 11 8 . 23 27 20 . Robot Hit Streak 31 | 3 9 3 . 3 7 8 7 9 9 . . 9 6 27 15 6 16 17 2 7 9 . 12 13 . 5 8 31 12 Robot Miss Streak 7 | 1 2 5 . 6 5 3 2 3 2 . . 7 5 6 3 3 2 2 1 4 2 . . 3 . 2 1 2 1 Penetration Max 1 | . . . . . 1 1 1 . . . . . . . . . . . . . . . . . . . . . . Secondary Targets 1 | . 1 . . . . . . . . . . . . . . . . . . . . . . . . . . . . Max Gunslinging Chain 1 | . 1 . . . . . . . . . . . . . . . . . . . . . . . . . . . . Autonomous 10 | . . . . . . . . . . . . . . . . . . . . 10 . . . . . . . . . Shots Hit Robots 555 | 6 36 15 . 3 33 50 47 29 17 . . 10 3 60 17 12 7 17 4 18 9 . 8 9 . 22 7 102 14 Core Hits 320 | 3 19 9 . 9 10 30 22 17 21 . . 9 8 47 16 10 11 5 7 8 2 . 1 3 . 7 4 37 5 Critical Kills 7 | . . . . . . 1 1 . 1 . . . . . . 1 . 2 . 1 . . . . . . . . . Critical Parts Destroyed 4 | . . . . . . 2 1 1 . . . . . . . . . . . . . . . . . . . . . Critical Strikes 13 | . . . . . . 3 2 1 1 . . . . . . 1 . 3 . 1 . . . . . . . 1 . Destroy 11 | . . . . . . 3 2 . 1 . . . . . . 1 . 3 . 1 . . . . . . . . . Corrupt 1 | . . . . . . . . . . . . . . . . . . . . . . . . . . . . 1 . Smash 1 | . . . . . . . . 1 . . . . . . . . . . . . . . . . . . . . . Melee Attacks 192 | . . . . . . 3 8 24 . . . . 1 20 2 3 2 2 . . 4 . 17 8 7 46 40 5 . Impact 29 | . . . . . . 1 8 20 . . . . . . . . . . . . . . . . . . . . . Slashing 3 | . . . . . . 2 . . . . . . . . . . . . . . . . 1 . . . . . . Piercing 121 | . . . . . . . . . . . . . . . . . . . . . . . 15 8 7 46 40 5 . Sneak Attacks 50 | . . . . . . . . 7 . . . . 1 20 2 3 2 2 . . 3 . 2 . . 8 . . . Combat Hostiles . | . . . . . . . . . . . . . . . . . . . . . . . . . . . . . . Follow-up Attacks . | . . . . . . . . . . . . . . . . . . . . . . . . . . . . . . Damage Inflicted 48725 | 72 734 285 . 302 897 1319 997 1614 1406 . . 813 471 5097 1794 696 586 2315 739 1479 888 . 963 1660 . 1361 622 17739 3876 Guns 3509 | 72 173 . . . 670 1121 990 53 . . . . . . . 108 . . . 322 . . . . . . . . . Cannons 41728 | . 353 285 . 52 . . . 884 1048 . . 813 186 5086 1794 588 558 2177 501 1157 888 . 903 1660 . 638 622 17659 3876 Explosions 2034 | . 203 . . 250 227 146 . 325 358 . . . 285 2 . . . . 238 . . . . . . . . . . Melee 1135 | . . . . . . . . 352 . . . . . . . . . . . . . . 60 . . 723 . . . Ramming 319 | . 5 . . . . 52 7 . . . . . . 9 . . 28 138 . . . . . . . . . 80 . Kinetic 34966 | 28 72 . . . 670 1121 990 652 1048 . . 813 186 5086 1794 696 558 2177 323 322 . . . 1142 . . . 17288 . Thermal 7378 | 44 454 285 . 52 . . . 217 . . . . 227 . . . . . 178 1157 888 . . . . . . . 3876 Explosive 1807 | . 203 . . 250 227 146 . 325 358 . . . 58 2 . . . . 238 . . . . . . . . . . Electromagnetic 3120 | . . . . . . . . 68 . . . . . . . . . . . . . . 903 518 . 638 622 371 . Impact 352 | . . . . . . . . 352 . . . . . . . . . . . . . . . . . . . . . Slashing . | . . . . . . . . . . . . . . . . . . . . . . . . . . . . . . Piercing 783 | . . . . . . . . . . . . . . . . . . . . . . . 60 . . 723 . . . Highest Corruption 47 | . . 6 6 6 . . . 1 1 1 1 1 . . 1 5 . 4 4 . . . . 3 3 11 4 47 1 Average Corruption 7 | . . 6 6 6 . . . 1 1 1 1 1 . . 1 2 . 3 3 . . . . 2 3 9 2 25 1 Corruption Purged 56 | . . . . . . . . . . . . . . . . 5 . . 4 . . . . . . . . 47 . Corruption Blocked . | . . . . . . . . . . . . . . . . . . . . . . . . . . . . . . Effects 243 | . . 34 13 42 . . . 3 9 6 1 2 . . 1 3 . 9 2 . . . . 7 3 8 8 92 . Message Errors 59 | . . 10 1 5 . . . 1 4 . . 1 . . . . . 3 . . . . . 2 2 2 5 23 . Matter Fused 58 | . . 6 4 12 . . . 1 1 1 . 1 . . 1 2 . 3 2 . . . . 1 . 4 1 18 . Heat Flow Errors 25 | . . 3 1 5 . . . . . 1 . . . . . . . 1 . . . . . 1 . 1 1 11 . Energy Discharges 31 | . . 6 4 8 . . . . 2 . 1 . . . . . . 1 . . . . . 1 . . . 8 . Parts Fused 2 | . . . . . . . . 1 . . . . . . . . . . . . . . . . . . 1 . . Data Loss (minor) 29 | . . 3 1 7 . . . . 1 3 . . . . . . . . . . . . . 1 1 . . 12 . Data Loss (major) 12 | . . 2 1 2 . . . . 1 1 . . . . . 1 . . . . . . . . . . . 4 . Misfires 3 | . . 2 . 1 . . . . . . . . . . . . . . . . . . . . . . . . . Alerts 9 | . . 1 1 2 . . . . . . . . . . . . . 1 . . . . . 1 . 1 . 2 . Misdirections 1 | . . . . . . . . . . . . . . . . . . . . . . . . . . . . 1 . Weapon Failures 14 | . . 1 . . . . . . . . . . . . . . . . . . . . . . . . . 13 . Overload Shots 10 | . . . . . . . . . . . . . . 9 1 . . . . . . . . . . . . . . Effects 1 | . . . . . . . . . . . . . . 1 . . . . . . . . . . . . . . . Short Circuit 1 | . . . . . . . . . . . . . . 1 . . . . . . . . . . . . . . . Overflow Damage 5817 | . 7 14 . . . 4 . 433 263 . . 40 . 85 1 . 26 427 . 83 224 . 273 659 . 250 128 2522 378 Projectiles 5252 | . 7 14 . . . . . 171 263 . . 40 . 85 1 . 26 420 . 83 224 . 253 659 . 28 128 2472 378 Explosions . | . . . . . . . . . . . . . . . . . . . . . . . . . . . . . . Melee 565 | . . . . . . 4 . 262 . . . . . . . . . 7 . . . . 20 . . 222 . 50 . Knockbacks 70 | . . . . . . . . 4 3 . . 8 . 17 1 . 4 3 . . . . . 1 . . . 29 . Impact 4 | . . . . . . . . 1 . . . . . 1 . . . 2 . . . . . . . . . . . Kinetic 59 | . . . . . . . . 3 2 . . 8 . 11 1 . 4 1 . . . . . 1 . . . 28 . Secondary 7 | . . . . . . . . . 1 . . . . 5 . . . . . . . . . . . . . 1 . Self-Inflicted Damage 196 | . 72 . . . . 5 . 46 . . . . . 24 . . . . 49 . . . . . . . . . . Shots 6 | . 2 . . . . 1 . 1 . . . . . 1 . . . . 1 . . . . . . . . . . Rammed 17 | 1 2 . . . . 5 1 . . . . . . 1 . . 2 4 . . . . . . . . . 1 . Targets Rammed 21 | 1 2 . . . . 6 1 . . . . . . 1 . . 2 7 . . . . . . . . . 1 . Kicked 3 | . . . . . . . . . . . . . . . . . . 3 . . . . . . . . . . . Crushed 1 | . . . . . . 1 . . . . . . . . . . . . . . . . . . . . . . . Highest Temperature 365 | 40 228 240 122 248 . 27 28 289 319 277 . 300 285 263 142 336 215 211 180 283 94 48 152 213 . 244 28 365 58 Average Temperature 82 | 22 66 77 72 81 . 14 11 66 114 181 . 153 56 77 45 158 79 69 65 98 50 30 48 69 . 79 18 128 38 Received Heat Transfer 1903 | . 54 20 . 18 31 300 32 120 65 . . 300 . 156 57 18 . 54 54 150 . . 27 45 . 4 75 323 . Effects 13 | . . . . . . . . . 3 . . 3 . . . 1 . . . 3 . . . . . 2 . 1 . Energy Bleed 2 | . . . . . . . . . 1 . . . . . . . . . . . . . . . . . . 1 . Interference 10 | . . . . . . . . . 2 . . 3 . . . . . . . 3 . . . . . 2 . . . Damage (minor) 1 | . . . . . . . . . . . . . . . . 1 . . . . . . . . . . . . . Siege Activations 3 | . . . . . . . . . . . . . . . 1 . . . . . . . . . . . . 1 1 Total Turns 96 | . . . . . . . . . . . . . . . 2 . . . . . . . . . . . . 67 27 Longest Duration 67 | . . . . . . . . . . . . . . . 2 . . . . . . . . . . . . 67 27 Martial Activations . | . . . . . . . . . . . . . . . . . . . . . . . . . . . . . . Shielding Activations . | . . . . . . . . . . . . . . . . . . . . . . . . . . . . . . Robots Disrupted . | . . . . . . . . . . . . . . . . . . . . . . . . . . . . . . Combat Hostiles . | . . . . . . . . . . . . . . . . . . . . . . . . . . . . . . Robots Corrupted 15 | . . . . . . . . 2 . . . . . . . . . 1 . . . . 2 1 . 4 2 3 . Combat Hostiles 11 | . . . . . . . . . . . . . . . . . . . . . . . 2 1 . 4 2 2 . Parts Fried 59 | . . . . . . . . 5 . . . . . . . . . 4 . . . . 16 3 . 15 12 4 . Impact Corruptions 12 | . . . . . . 1 . 7 1 . . . . . . . . 2 . . . . . . . . . 1 . Robots Melted . | . . . . . . . . . . . . . . . . . . . . . . . . . . . . . . Combat Hostiles . | . . . . . . . . . . . . . . . . . . . . . . . . . . . . . . Parts Melted 7 | . 1 . . 1 . . 1 . . . . . . 1 3 . . . . . . . . . . . . . . Heat Transferred 3246 | 100 965 592 . 111 . . . 335 . . . . 200 . . . . . 50 325 200 . . . . . . . 368 Parts Sabotaged 2 | . . . . . . . . . . . . . . . . . . . . . . . . 2 . . . . . Parts Stolen . | . . . . . . . . . . . . . . . . . . . . . . . . . . . . . . Parts Stripped . | . . . . . . . . . . . . . . . . . . . . . . . . . . . . . . Power Chain Reactions . | . . . . . . . . . . . . . . . . . . . . . . . . . . . . . . Alert | -11 -10 -10 -10 -9 -8 -8 -8 -6 -6 -6 -6 -5 -5 -5 -5 -5 -5 -4 -4 -4 -4 -3 -3 -3 -3 -2 -1 -1 -1 ------- Run | Yrd Mat Min Exi Min Mat Sto Rec Fac Low Low Zio Pro Fac Ext Cet Arc Hub Fac Upp Upp Zhi Pro Res Arm Lab Res Acc Com Ac0 Maximum Alert Level 3 | . . . . . . . . 1 . . . . 1 3 3 2 1 1 . . . . . . . . . 1 . Low Security (%) 86 | 100 100 100 . 100 100 100 100 85 . . . . 55 51 . 27 75 74 . . . . 100 100 . 100 100 53 . Level 1 9 | . . . . . . . . 14 . . . . 44 16 . 60 24 25 . . . . . . . . . 46 . Level 2 3 | . . . . . . . . . . . . . . 27 82 12 . . . . . . . . . . . . . Level 3 . | . . . . . . . . . . . . . . 4 17 . . . . . . . . . . . . . . Level 4 . | . . . . . . . . . . . . . . . . . . . . . . . . . . . . . . Level 5 . | . . . . . . . . . . . . . . . . . . . . . . . . . . . . . . High Security . | . . . . . . . . . . . . . . . . . . . . . . . . . . . . . . Max Security . | . . . . . . . . . . . . . . . . . . . . . . . . . . . . . . Peak Influence 775 | 5 143 100 . 88 90 100 77 280 . . . . 225 775 722 420 349 300 . . . . 44 56 . 91 132 148 . Initial 431 | . . 22 . . . 14 24 250 . . . . . 102 431 248 40 165 . . . . . . . . 44 76 . Average 72 | . 50 5 . 14 17 41 20 138 . . . . 114 253 613 271 98 148 . . . . 4 16 . 17 45 84 . Influence Increases 9289 | 5 452 165 . 197 301 533 449 886 160 . . 100 369 1383 391 222 679 560 215 295 15 . 181 242 . 343 456 687 3 Destroy 0b10 Robot/C 3680 | . 240 100 . 120 160 300 60 240 140 . . 60 80 640 160 80 180 120 100 140 . . 60 140 . 80 80 400 . Destroy 0b10 Robot/NC 420 | 5 25 10 . 5 15 15 85 30 . . . . 5 40 10 10 30 20 . . 15 . 5 5 . 30 . 60 . Destroy Leader 660 | . 48 20 . 20 52 94 . 62 20 . . 10 10 36 . . 40 56 10 20 . . 30 32 . 20 20 60 . Allied During Kill 1033 | . . 5 . 5 1 38 67 30 . . . . . 427 170 90 200 . . . . . . . . . . . . Successful Hack 417 | . 26 . . . 8 28 25 81 . . . . 22 38 . . 24 69 . . . . . . . 21 75 . . Select Force Hacks 200 | . 60 . . . . . 90 . . . . . . . . . 50 . . . . . . . . . . . . Disable Machine 705 | . . . . 15 30 45 120 . . . . . 90 75 15 30 60 30 . . . . 30 45 . 45 30 45 . Destroy Structure 1069 | . 38 . . 32 20 13 2 43 . . . . 132 112 36 12 50 100 . . . . 56 20 . 117 161 122 3 Advance Influence 250 | . . . . . . . . 250 . . . . . . . . . . . . . . . . . . . . . Partial Spotted 30 | . . . . . . . . 30 . . . . . . . . . . . . . . . . . . . . . Lose Combat Pursuer 825 | . 15 30 . . 15 . . 120 . . . 30 30 15 . . 45 165 105 135 . . . . . 30 90 . . Influence Decreases 9286 | 5 394 223 . 197 267 505 511 610 436 . . 100 159 822 540 728 456 644 352 333 95 . 181 204 38 268 411 430 377 Entered New Map 1957 | . . 36 . . . 20 38 . 103 . . . . 108 340 374 76 174 95 23 80 . . . 38 . 31 44 377 Time Decay 6525 | 5 394 167 . 177 266 377 461 510 333 . . 100 159 474 180 334 160 470 257 310 15 . 181 204 . 258 377 356 . Lost Part 63 | . . . . . . 20 . . . . . . . . . . . . . . . . . . . 10 3 30 . Lost Ally 662 | . . 20 . 20 1 15 6 100 . . . . . 240 20 20 220 . . . . . . . . . . . . Purge Threat 79 | . . . . . . 73 6 . . . . . . . . . . . . . . . . . . . . . . Squads Dispatched 46 | . 2 . . . 2 4 . 7 . . . . 1 3 . . 2 3 . . . . 2 4 . 6 7 3 . Investigation 6 | . 2 . . . . . . 1 . . . . . 1 . . 1 . . . . . . . . . 1 . . Extermination 19 | . . . . . . . . 3 . . . . 1 . . . . 3 . . . . . 1 . 4 5 2 . Reinforcement 14 | . . . . . 2 1 . 3 . . . . . . . . 1 . . . . . 2 1 . 2 1 1 . Assault 4 | . . . . . . . . . . . . . . 2 . . . . . . . . . 2 . . . . . Garrison 3 | . . . . . . 3 . . . . . . . . . . . . . . . . . . . . . . . Intercept . | . . . . . . . . . . . . . . . . . . . . . . . . . . . . . . Searches Triggered . | . . . . . . . . . . . . . . . . . . . . . . . . . . . . . . Construction Impeded 1 | . . . . . . . . 1 . . . . . . . . . . . . . . . . . . . . . Haulers Reinforced 2 | . . . . . . . . . . . . . . . . . . . . . . . 2 . . . . . . Active Scanning Responses . | . . . . . . . . . . . . . . . . . . . . . . . . . . . . . . Cargo Convoy Interrupts . | . . . . . . . . . . . . . . . . . . . . . . . . . . . . . . Stealth | -11 -10 -10 -10 -9 -8 -8 -8 -6 -6 -6 -6 -5 -5 -5 -5 -5 -5 -4 -4 -4 -4 -3 -3 -3 -3 -2 -1 -1 -1 --------- Run | Yrd Mat Min Exi Min Mat Sto Rec Fac Low Low Zio Pro Fac Ext Cet Arc Hub Fac Upp Upp Zhi Pro Res Arm Lab Res Acc Com Ac0 Distress Signals 40 | . 2 . . . 3 . 2 1 . . . . . 2 2 . 1 2 . . . . 6 . . 1 1 17 . Communications Jammed 9 | . . . . . . . . . . . . . . 1 . . . 6 . . . . . . . 2 . . . Distress Signals 9 | . . . . . . . . . . . . . . 1 . . . 6 . . . . . . . 2 . . . Times Spotted 327 | . 24 8 . 3 15 27 4 31 9 . . 5 7 31 9 7 14 28 13 14 . . 6 15 . 8 11 33 5 Peak Tracking Total 10 | . 3 3 . 3 5 6 4 5 4 . . 4 6 4 5 1 9 10 5 4 . . 1 4 . 3 4 5 4 Tactical Retreats 35 | . 1 4 . . 1 . . 4 . . . 2 1 1 . . 2 5 3 4 . . . . . 2 5 . . Traps | -11 -10 -10 -10 -9 -8 -8 -8 -6 -6 -6 -6 -5 -5 -5 -5 -5 -5 -4 -4 -4 -4 -3 -3 -3 -3 -2 -1 -1 -1 ------- Run | Yrd Mat Min Exi Min Mat Sto Rec Fac Low Low Zio Pro Fac Ext Cet Arc Hub Fac Upp Upp Zhi Pro Res Arm Lab Res Acc Com Ac0 Traps Triggered 16 | . . . . . . . . 1 . . . . . 1 . . . 3 . . . . 2 3 . 4 2 . . Indirectly . | . . . . . . . . . . . . . . . . . . . . . . . . . . . . . . Trap Hack Attempts . | . . . . . . . . . . . . . . . . . . . . . . . . . . . . . . Triggered . | . . . . . . . . . . . . . . . . . . . . . . . . . . . . . . Disarmed . | . . . . . . . . . . . . . . . . . . . . . . . . . . . . . . Reprogrammed . | . . . . . . . . . . . . . . . . . . . . . . . . . . . . . . Reused . | . . . . . . . . . . . . . . . . . . . . . . . . . . . . . . Traps Extracted . | . . . . . . . . . . . . . . . . . . . . . . . . . . . . . . Installed . | . . . . . . . . . . . . . . . . . . . . . . . . . . . . . . Triggered . | . . . . . . . . . . . . . . . . . . . . . . . . . . . . . . Machines | -11 -10 -10 -10 -9 -8 -8 -8 -6 -6 -6 -6 -5 -5 -5 -5 -5 -5 -4 -4 -4 -4 -3 -3 -3 -3 -2 -1 -1 -1 ---------- Run | Yrd Mat Min Exi Min Mat Sto Rec Fac Low Low Zio Pro Fac Ext Cet Arc Hub Fac Upp Upp Zhi Pro Res Arm Lab Res Acc Com Ac0 Machines Disabled 54 | . . . . 1 2 3 8 . . . . 2 6 7 1 2 4 2 1 . 1 . 2 3 1 3 2 3 . Max in Single Turn 4 | . . . . 1 1 1 1 . . . . 2 4 2 1 1 1 1 1 . 1 . 1 1 1 1 1 1 . Garrison Access 3 | . . . . . . . . . . . . . . . . . . 1 . . . . 1 . . . 1 . . Network Hub 2 | . . . . . . . . . . . . . . . . . 2 . . . . . . . . . . . . Machines Repaired . | . . . . . . . . . . . . . . . . . . . . . . . . . . . . . . Machines Dismantled . | . . . . . . . . . . . . . . . . . . . . . . . . . . . . . . Machines Sabotaged 1 | . . . . . . . . . . . . . . . . . 1 . . . . . . . . . . . . Overloaded Fab Kills . | . . . . . . . . . . . . . . . . . . . . . . . . . . . . . . Hacking | -11 -10 -10 -10 -9 -8 -8 -8 -6 -6 -6 -6 -5 -5 -5 -5 -5 -5 -4 -4 -4 -4 -3 -3 -3 -3 -2 -1 -1 -1 --------- Run | Yrd Mat Min Exi Min Mat Sto Rec Fac Low Low Zio Pro Fac Ext Cet Arc Hub Fac Upp Upp Zhi Pro Res Arm Lab Res Acc Com Ac0 Machines Accessed 122 | . 11 . 2 1 2 9 15 12 2 1 . . 8 12 1 . 2 9 . . 4 . 4 5 . 11 8 3 . Terminals 73 | . 8 . . 1 2 6 6 8 1 . . . 4 11 1 . 2 5 . . . . 1 3 . 6 5 3 . Fabricators 5 | . . . . . . . . 1 . . . . . . . . . . . . . . . 2 . 1 1 . . Repair Stations 7 | . 1 . . . . 1 . 2 . . . . 1 . . . . 1 . . . . 1 . . . . . . Recycling Units 22 | . 2 . . . . 2 8 1 . . . . 2 1 . . . 2 . . . . 1 . . 2 1 . . Scanalyzers 1 | . . . . . . . . . . . . . . . . . . . . . . . . . . 1 . . . Garrison Access 5 | . . . . . . . . . . . . . 1 . . . . 1 . . . . 1 . . 1 1 . . Total Hacks 307 | . 42 . 2 2 5 24 38 28 2 1 . . 16 28 2 . 6 32 . . 17 . 7 6 . 28 16 5 . Successful 151 | . 28 . 2 1 4 16 27 16 2 1 . . 6 6 . . 4 9 . . 17 . 1 1 . 5 4 1 . Failed 155 | . 13 . . 1 1 8 11 12 . . . . 10 22 2 . 2 23 . . . . 6 5 . 23 12 4 . Catastrophic 45 | . 1 . . . . . 3 4 . . . . 2 5 1 . . 7 . . . . 2 3 . 11 5 1 . Database Lockouts 1 | . 1 . . . . . . . . . . . . . . . . . . . . . . . . . . . . Manual 144 | . 19 . 1 1 4 18 21 15 . . . . 6 8 1 . 6 14 . . . . 3 4 1 15 3 4 . Terminals 200 | . 25 . . 2 5 20 16 22 1 . . . 9 27 2 . 6 21 . . . . 3 4 . 21 11 5 . Fabricators 7 | . . . . . . . . 1 . . . . . . . . . . . . . . . 2 . 2 2 . . Repair Stations 24 | . 9 . . . . 2 . 4 . . . . 2 . . . . 6 . . . . 1 . . . . . . Recycling Units 44 | . 8 . . . . 2 20 1 . . . . 3 1 . . . 4 . . . . 1 . . 2 2 . . Scanalyzers 1 | . . . . . . . . . . . . . . . . . . . . . . . . . . 1 . . . Garrison Access 8 | . . . . . . . . . . . . . 2 . . . . 1 . . . . 2 . . 2 1 . . Terminal Hacks 66 | . 10 . 2 1 2 6 8 5 2 1 . . 2 2 . . . 2 . . 17 . . 1 . 2 2 1 . Record 7 | . . . 1 . . . . . 1 . . . . . . . . . . . 5 . . . . . . . . Part Schematic 6 | . 1 . . . . . 1 . . . . . . . . . . . . . 4 . . . . . . . . Robot Analysis 5 | . 1 . . . . . . . . . . . . . . . . . . . 4 . . . . . . . . Prototype ID Bank 9 | . 2 . . . . 1 2 . . . . . . . . . . . . . 4 . . . . . . . . Open Door 7 | . . . . . . 1 . . 1 1 . . . 2 . . . . . . . . . 1 . . . 1 . Branch Access Points 3 | . . . . . . . . 1 . . . . . . . . . 1 . . . . . . . 1 . . . Terminal Index 3 | . . . . . . . . 1 . . . . . . . . . . . . . . . . . 1 1 . . Alert Level 2 | . . . . . . 1 . . . . . . 1 . . . . . . . . . . . . . . . . Unreport Threat 2 | . . . . . . 1 1 . . . . . . . . . . . . . . . . . . . . . . Locate Traps 7 | . 3 . . . 1 . 1 2 . . . . . . . . . . . . . . . . . . . . . Hauler Manifests 2 | . 1 . . . . . . 1 . . . . . . . . . . . . . . . . . . . . . Registered Components 2 | . . . . . . 1 . . . . . . . . . . . . . . . . . . . . 1 . . Zone Layout 8 | . 2 . . 1 1 1 1 . . . . . 1 . . . . 1 . . . . . . . . . . . Proto ID Catalog 1 | . . . 1 . . . . . . . . . . . . . . . . . . . . . . . . . . Release Object 2 | . . . . . . . 2 . . . . . . . . . . . . . . . . . . . . . . Fabricator Hacks 2 | . . . . . . . . 1 . . . . . . . . . . . . . . . . . 1 . . . Network Status 2 | . . . . . . . . 1 . . . . . . . . . . . . . . . . . 1 . . . Repair Station Hacks 16 | . 6 . . . . 2 . 3 . . . . 2 . . . . 3 . . . . . . . . . . . Scan Component 10 | . 4 . . . . 1 . 2 . . . . 1 . . . . 2 . . . . . . . . . . . Repair 6 | . 2 . . . . 1 . 1 . . . . 1 . . . . 1 . . . . . . . . . . . Recycling Unit Hacks 15 | . 2 . . . . 2 6 1 . . . . 1 1 . . . 1 . . . . . . . 1 . . . Retrieve Components 15 | . 2 . . . . 2 6 1 . . . . 1 1 . . . 1 . . . . . . . 1 . . . Scanalyzer 1 | . . . . . . . . . . . . . . . . . . . . . . . . . . 1 . . . Insert Component 1 | . . . . . . . . . . . . . . . . . . . . . . . . . . 1 . . . Garrison Access Hacks 3 | . . . . . . . . . . . . . . . . . . 1 . . . . 1 . . . 1 . . Seal Access 3 | . . . . . . . . . . . . . . . . . . 1 . . . . 1 . . . 1 . . Unauthorized Hacks 48 | . 10 . . . 2 6 13 6 . . . . 1 3 . . 4 2 . . . . . . . . 1 . . Terminals 40 | . 8 . . . 2 6 7 6 . . . . 1 3 . . 4 2 . . . . . . . . 1 . . Track 2 | . 1 . . . . . . . . . . . . . . . 1 . . . . . . . . . . . . Botnet 13 | . 1 . . . 1 2 2 1 . . . . 1 . . . 2 2 . . . . . . . . 1 . . Operators 1 | . 1 . . . . . . . . . . . . . . . . . . . . . . . . . . . . Skim 23 | . 5 . . . 1 4 5 5 . . . . . 3 . . . . . . . . . . . . . . . Sabotage 1 | . . . . . . . . . . . . . . . . . 1 . . . . . . . . . . . . Fabricators . | . . . . . . . . . . . . . . . . . . . . . . . . . . . . . . Repair Stations . | . . . . . . . . . . . . . . . . . . . . . . . . . . . . . . Recycling Units 8 | . 2 . . . . . 6 . . . . . . . . . . . . . . . . . . . . . . Reject 1 | . . . . . . . 1 . . . . . . . . . . . . . . . . . . . . . . Mask 2 | . . . . . . . 2 . . . . . . . . . . . . . . . . . . . . . . Tunnel 5 | . 2 . . . . . 3 . . . . . . . . . . . . . . . . . . . . . . Scanalyzers . | . . . . . . . . . . . . . . . . . . . . . . . . . . . . . . Garrison Access . | . . . . . . . . . . . . . . . . . . . . . . . . . . . . . . Data Cores Recovered 1 | . . . . . . . . . . . . . . . . . . . . . . . 1 . . . . . . Used . | . . . . . . . . . . . . . . . . . . . . . . . . . . . . . . Hacking Detections 89 | . 10 . . 1 2 6 9 9 . . . . 6 11 1 . 1 7 . . . . 4 4 . 9 7 2 . Full Trace Events 3 | . . . . . . . 2 . . . . . . 1 . . . . . . . . . . . . . . . Feedback Events . | . . . . . . . . . . . . . . . . . . . . . . . . . . . . . . Feedback Blocked . | . . . . . . . . . . . . . . . . . . . . . . . . . . . . . . Robot Schematics Acquired . | . . . . . . . . . . . . . . . . . . . . . . . . . . . . . . Robots Built . | . . . . . . . . . . . . . . . . . . . . . . . . . . . . . . Authchips . | . . . . . . . . . . . . . . . . . . . . . . . . . . . . . . Time . | . . . . . . . . . . . . . . . . . . . . . . . . . . . . . . Total Robot Build Rating . | . . . . . . . . . . . . . . . . . . . . . . . . . . . . . . Part Schematics Acquired 6 | . 1 . . . . . 1 . . . . . . . . . . . . . 4 . . . . . . . . Parts Built . | . . . . . . . . . . . . . . . . . . . . . . . . . . . . . . Authchips . | . . . . . . . . . . . . . . . . . . . . . . . . . . . . . . Time . | . . . . . . . . . . . . . . . . . . . . . . . . . . . . . . Total Part Build Rating . | . . . . . . . . . . . . . . . . . . . . . . . . . . . . . . Parts Repaired 6 | . 2 . . . . 1 . 1 . . . . 1 . . . . 1 . . . . . . . . . . . Time 182 | . 62 . . . . 32 . 38 . . . . 25 . . . . 25 . . . . . . . . . . . Parts Recycled . | . . . . . . . . . . . . . . . . . . . . . . . . . . . . . . Recycled Matter . | . . . . . . . . . . . . . . . . . . . . . . . . . . . . . . Retrieved Matter . | . . . . . . . . . . . . . . . . . . . . . . . . . . . . . . Retrieved Components 51 | . 17 . . . . 4 20 3 . . . . 1 6 . . . . . . . . . . . . . . . Parts Scanalyzed . | . . . . . . . . . . . . . . . . . . . . . . . . . . . . . . Part Schematics Acquired . | . . . . . . . . . . . . . . . . . . . . . . . . . . . . . . Parts Damaged . | . . . . . . . . . . . . . . . . . . . . . . . . . . . . . . Bothacking | -11 -10 -10 -10 -9 -8 -8 -8 -6 -6 -6 -6 -5 -5 -5 -5 -5 -5 -4 -4 -4 -4 -3 -3 -3 -3 -2 -1 -1 -1 ------------ Run | Yrd Mat Min Exi Min Mat Sto Rec Fac Low Low Zio Pro Fac Ext Cet Arc Hub Fac Upp Upp Zhi Pro Res Arm Lab Res Acc Com Ac0 Used RIF Installer . | . . . . . . . . . . . . . . . . . . . . . . . . . . . . . . Robots Hacked 17 | . . . . . . . . 3 . . . . . 2 2 3 1 2 . . 3 . 1 . . . . . . Non-combat 10 | . . . . . . . . 3 . . . . . 1 . 3 1 2 . . . . . . . . . . . Combat 7 | . . . . . . . . . . . . . . 1 2 . . . . . 3 . 1 . . . . . . Robot Hacks Applied 18 | . . . . . . . . 4 . . . . . 2 2 3 1 2 . . 3 . 1 . . . . . . parse_system 9 | . . . . . . . . . . . . . . 2 2 . 1 . . . 3 . 1 . . . . . . no_distress 1 | . . . . . . . . 1 . . . . . . . . . . . . . . . . . . . . . find_chute 3 | . . . . . . . . 2 . . . . . . . . . 1 . . . . . . . . . . . find_fabricator 1 | . . . . . . . . 1 . . . . . . . . . . . . . . . . . . . . . find_station 1 | . . . . . . . . . . . . . . . . . . 1 . . . . . . . . . . . check_alert 3 | . . . . . . . . . . . . . . . . 3 . . . . . . . . . . . . . Relay Couplers Released . | . . . . . . . . . . . . . . . . . . . . . . . . . . . . . . Fabnet Peak Effective % . | . . . . . . . . . . . . . . . . . . . . . . . . . . . . . . Robots Rewired 19 | . . . . . . 2 . . . . . . . 17 . . . . . . . . . . . . . . . Allies Hacked . | . . . . . . . . . . . . . . . . . . . . . . . . . . . . . . Hacks Repelled . | . . . . . . . . . . . . . . . . . . . . . . . . . . . . . . Allies | -11 -10 -10 -10 -9 -8 -8 -8 -6 -6 -6 -6 -5 -5 -5 -5 -5 -5 -4 -4 -4 -4 -3 -3 -3 -3 -2 -1 -1 -1 -------- Run | Yrd Mat Min Exi Min Mat Sto Rec Fac Low Low Zio Pro Fac Ext Cet Arc Hub Fac Upp Upp Zhi Pro Res Arm Lab Res Acc Com Ac0 Total Allies 46 | . . 3 . 2 . 10 . . . . . . . 26 5 . . . . . . . . . . . . . . Largest Group 18 | . . 3 . 2 1 10 9 6 . . . . . 17 18 18 15 . . . . . . . . . . . . Highest-Rated Group 981 | . . 40 . 47 31 173 157 109 . . . . . 584 981 981 772 . . . . . . . . . . . . Highest-Rated Ally 159 | . . 16 . 31 31 29 29 29 . . . . . 159 159 159 96 . . . . . . . . . . . . Total Orders 4 | . . . . . . . 2 . . . . . . . . . 2 . . . . . . . . . . . . STAY 3 | . . . . . . . 1 . . . . . . . . . 2 . . . . . . . . . . . . FOLLOW 1 | . . . . . . . 1 . . . . . . . . . . . . . . . . . . . . . . Ally Attacks 419 | . . 18 . 4 13 18 55 39 . . . . . 134 32 22 84 . . . . . . . . . . . . Total Damage 8949 | . . 170 . 65 150 241 665 381 . . . . . 2784 735 771 2987 . . . . . . . . . . . . Kills 53 | . . 2 . 1 1 2 7 4 . . . . . 16 6 3 11 . . . . . . . . . . . . Allies Corrupted 4 | . . . . . . . . . . . . . . . . . 4 . . . . . . . . . . . . Allies Melted 1 | . . . . . 1 . . . . . . . . . . . . . . . . . . . . . . . . Intel | -11 -10 -10 -10 -9 -8 -8 -8 -6 -6 -6 -6 -5 -5 -5 -5 -5 -5 -4 -4 -4 -4 -3 -3 -3 -3 -2 -1 -1 -1 ------- Run | Yrd Mat Min Exi Min Mat Sto Rec Fac Low Low Zio Pro Fac Ext Cet Arc Hub Fac Upp Upp Zhi Pro Res Arm Lab Res Acc Com Ac0 Active Infowar (turns) 20534 | 29 1617 841 . . 1234 1479 786 1385 979 464 159 422 485 1219 363 741 340 1196 836 823 237 292 1373 639 79 1263 1253 . . IFF 3861 | . . . . . . . . . 897 464 159 382 1 . . . . . 836 744 90 288 . . . . . . . Terrain 4963 | . 10 . . . 1234 1479 786 31 . . . . . . . . . . . . . . . . . 170 1253 . . Structural 9178 | . . 1 . . . . . 1243 . . . 113 483 621 3 . 340 1196 836 823 237 292 1352 576 79 983 . . . Seismic 2476 | 29 1607 840 . . . . . . . . . . . . . . . . . . . . . . . . . . . Decoding 2 | . . . . . . . . . . 2 . . . . . . . . . . . . . . . . . . . Machine Analysis 12597 | . . . . . . . . 931 979 464 159 422 485 1219 363 741 340 1196 836 823 237 292 1373 639 79 1019 . . . Jamming 8042 | . . . . . . . . . . . . . 484 1158 2 . 184 1189 836 706 . . 1373 638 79 1163 230 . . Robot Analysis Total 5 | . 1 . . . . . . . . . . . . . . . . . . . 4 . . . . . . . . Derelict Logs Recovered 11 | . . . . 1 . . . . 2 2 . 1 . . . . . . 2 3 . . . . . . . . . Drone Launches . | . . . . . . . . . . . . . . . . . . . . . . . . . . . . . . Drone Recoveries . | . . . . . . . . . . . . . . . . . . . . . . . . . . . . . . Exploration | -11 -10 -10 -10 -9 -8 -8 -8 -6 -6 -6 -6 -5 -5 -5 -5 -5 -5 -4 -4 -4 -4 -3 -3 -3 -3 -2 -1 -1 -1 ------------- Run | Yrd Mat Min Exi Min Mat Sto Rec Fac Low Low Zio Pro Fac Ext Cet Arc Hub Fac Upp Upp Zhi Pro Res Arm Lab Res Acc Com Ac0 Turns Passed 28646 | 109 1657 1963 628 1514 1278 1479 3458 1390 1007 464 159 435 485 1219 363 741 340 1196 836 823 237 292 1373 639 79 1310 1262 1870 40 Spaces Moved 17687 | 58 680 701 262 509 434 494 1115 1169 929 439 172 420 444 945 236 192 271 1059 767 631 209 314 1186 539 62 1223 1164 1053 10 Core 41 | 8 . . . . . . . . . . . . . . . 23 . . . . . . . . . . . . 10 Treads 14485 | 50 680 701 262 509 434 494 1056 1169 929 439 172 420 444 945 236 169 271 674 666 631 209 314 1186 539 62 291 . 533 . Legs 486 | . . . . . . . . . . . . . . . . . . 385 101 . . . . . . . . . . Wheels 59 | . . . . . . . 59 . . . . . . . . . . . . . . . . . . . . . . Hover 2616 | . . . . . . . . . . . . . . . . . . . . . . . . . . 932 1164 520 . Flight . | . . . . . . . . . . . . . . . . . . . . . . . . . . . . . . Fastest Speed 50 | 50 160 240 240 240 238 238 92 92 92 92 92 92 92 92 92 92 92 83 83 88 88 88 88 88 88 53 81 51 50 Average Speed 122 | 144 206 240 240 282 243 238 194 92 92 92 92 92 92 92 92 272 92 88 87 88 88 88 88 88 88 80 81 74 50 Slowest Speed 1600 | 160 320 240 240 480 320 243 243 92 92 92 92 92 92 92 92 1600 92 92 88 88 88 88 88 88 88 135 81 96 50 Overloaded Moves . | . . . . . . . . . . . . . . . . . . . . . . . . . . . . . . Propulsion Burnouts . | . . . . . . . . . . . . . . . . . . . . . . . . . . . . . . Robots Hopped . | . . . . . . . . . . . . . . . . . . . . . . . . . . . . . . Potential Cave-ins . | . . . . . . . . . . . . . . . . . . . . . . . . . . . . . . Cave-ins Triggered . | . . . . . . . . . . . . . . . . . . . . . . . . . . . . . . Teleports 3 | . . . . . . . . . . . . . . . . . . . . . . . . 1 . . . 1 1 Exploration Rate (%) 55 | 6 95 95 61 97 43 81 98 36 92 56 12 67 19 93 66 88 33 39 77 77 62 56 22 34 50 29 41 32 2 Regions Visited 29 Branch Regions 21 Pre-discovered Areas 17 | . 2 . 1 . . . 5 1 1 1 . . . . . . . . . 3 3 . . . . . . . . Known Exits Taken 10 | . . . . . 1 1 . 1 1 . . 1 1 . . . 1 1 1 . . . 1 . . . . . . Unknown Exits Taken 19 | 1 1 1 1 1 . . 1 . . 1 1 . . 1 1 1 . . . 1 1 1 . 1 1 1 1 1 . Scrap Searched 16 | . . . . 2 . . . . 2 1 . 3 . . . . . . 3 3 . 2 . . . . . . . Spaces Dug 340 | . 8 . . 6 . 11 1 36 5 . . 3 34 2 . . 12 44 31 16 . 8 21 6 . 36 49 11 . Terrain Destroyed 668 | . 32 . . 34 21 12 1 42 20 . . 21 105 46 12 5 21 57 37 35 3 8 28 12 . 39 51 25 1 Melee 101 | . . . . . . 1 1 15 . . . . . . . . . . . . . . 13 4 . 30 32 5 . Projectile 363 | . . . . . 1 1 . 19 7 . . 21 39 38 12 5 21 57 24 35 3 8 15 8 . 9 19 20 1 AOE 204 | . 32 . . 34 20 10 . 8 13 . . . 66 8 . . . . 13 . . . . . . . . . . Terrain Rammed . | . . . . . . . . . . . . . . . . . . . . . . . . . . . . . . Walls Destroyed . | . . . . . . . . . . . . . . . . . . . . . . . . . . . . . . Machines Disabled . | . . . . . . . . . . . . . . . . . . . . . . . . . . . . . . Actions | -11 -10 -10 -10 -9 -8 -8 -8 -6 -6 -6 -6 -5 -5 -5 -5 -5 -5 -4 -4 -4 -4 -3 -3 -3 -3 -2 -1 -1 -1 --------- Run | Yrd Mat Min Exi Min Mat Sto Rec Fac Low Low Zio Pro Fac Ext Cet Arc Hub Fac Upp Upp Zhi Pro Res Arm Lab Res Acc Com Ac0 Total 23584 | 72 865 945 262 580 612 700 2338 1405 1051 501 172 454 507 1240 368 400 357 1265 913 874 259 324 1482 673 75 1452 1398 2012 28 Wait 4106 | . 121 217 . 49 98 113 1084 86 68 52 1 12 13 125 83 189 58 113 105 210 25 3 201 84 1 117 136 741 1 Move 17658 | 58 679 700 261 508 433 493 1114 1168 928 438 171 419 443 944 235 191 270 1058 766 630 208 313 1185 538 61 1222 1163 1052 9 Hop . | . . . . . . . . . . . . . . . . . . . . . . . . . . . . . . Pick Up 199 | 3 10 1 1 8 15 4 25 26 5 3 . 2 9 4 9 . 4 6 6 2 4 . 15 6 3 8 5 14 1 Fast Attach 107 | 7 2 2 . 1 6 3 . 11 3 2 . . 4 . 3 2 1 6 3 . 4 1 12 8 . 12 6 8 . Attach 51 | . . 3 . 1 5 1 2 4 1 . . . 5 . . . . 5 2 2 . . 5 1 1 3 4 5 1 Detach 49 | . . 3 . 1 4 . 5 1 1 1 . . 4 . . 1 1 5 2 . 1 1 5 . . 2 3 8 . Swap 147 | . 15 . . 7 6 12 5 9 10 . . 5 5 14 6 3 4 1 4 6 . 2 7 3 1 8 3 11 . Drop 248 | . 3 . . 1 18 8 39 31 7 5 . 3 9 6 14 2 7 8 9 2 7 . 22 8 1 11 11 16 . Fire 716 | 4 33 19 . 4 27 41 55 45 28 . . 13 14 51 16 9 8 54 16 22 6 4 13 17 . 23 27 151 16 Melee 192 | . . . . . . 3 8 24 . . . . 1 20 2 3 2 2 . . 4 . 17 8 7 46 40 5 . Ram . | . . . . . . . . . . . . . . . . . . . . . . . . . . . . . . Kick 3 | . . . . . . . . . . . . . . . . . . 3 . . . . . . . . . . . Crush 17 | . 2 . . . . 6 1 . . . . . . 1 . . 2 4 . . . . . . . . . 1 . Escape Stasis . | . . . . . . . . . . . . . . . . . . . . . . . . . . . . . . Rewire 91 | . . . . . . 16 . . . . . . . 75 . . . . . . . . . . . . . . . Trap . | . . . . . . . . . . . . . . . . . . . . . . . . . . . . . . Miscellaneous . | . . . . . . . . . . . . . . . . . . . . . . . . . . . . . . Route ------- -11/Scrapyard -10/Materials (discovered 6 exits: *Mat x3 / [*Min x2] / Sub) -10/Mines (discovered 4 exits: *Mat x2 / *Exi / *Sub) -10/Exiles -9/Mines -8/Materials (discovered 5 exits: *Fac x3 / *Sto x2) -8/Storage -8/Recycling -6/Factory (discovered 6 exits: Fac x4 / *Low x2) -6/Lower Caves -6/Lower Caves -6/Zion -5/Proximity Caves -5/Factory (discovered 5 exits: *Fac x2 / Upp / *Ext x2) -5/Extension (discovered 2 exits: *Fac / *Cet) -5/Cetus (discovered 2 exits: *Fac / [*Arc]) -5/Archives (discovered 3 exits: *Fac / *Hub x2) -5/Hub_04(d) -4/Factory (discovered 2 exits: *Upp x2) -4/Upper Caves -4/Upper Caves (discovered 2 exits: *Res / *Zhi) -4/Zhirov -3/Proximity Caves -3/Research -3/Armory -3/Lab -2/Research (discovered 3 exits: *Acc / *Qua x2) -1/Access -1/Command (discovered 3 exits: [Sur x2] / [*Ac0]) -1/Access_0 Near Former Tau Ceti IV History --------- Turn | Location | Event 8 | -11/Scrapyard | Discovered new exit (range 15) 110 | -11/Scrapyard | Entered Materials 227 | -10/Materials | Discovered new exit (range 14) 307 | -10/Materials | Build established: Mutant 503 | -10/Materials | Discovered new exit (range 11) 577 | -10/Materials | Discovered new exit (range 13) 636 | -10/Materials | Learned location of 1 exit from Storage 686 | -10/Materials | Learned Storage trap positions 726 | -10/Materials | Learned Storage stockpile data 758 | -10/Materials | Identified exit to Materials 758 | -10/Materials | Identified exit to Subcaves 778 | -10/Materials | Loaded intel: 14 trap records 787 | -10/Materials | Learned location of 3 exits from Materials 804 | -10/Materials | Learned 2 Storage zone layouts 916 | -10/Materials | Central database locked down 1388 | -10/Materials | Repaired Lgt. Treads 1429 | -10/Materials | Repaired Broken Lgt. Treads 1767 | -10/Materials | Entered Mines 1777 | -10/Mines | Assisted by bots powering up and referring to "LRC-V3" 1842 | -10/Mines | Discovered exit to Materials (range 9) 1954 | -10/Mines | Assembled infested the area 2326 | -10/Mines | Deemed a non-threat by the Exiles lab entrance 2326 | -10/Mines | Discovered new exit (range 5) 3073 | -10/Mines | Discovered exit to Subcaves (range 3) 3121 | -10/Mines | Discovered exit to Materials (range 8) 3730 | -10/Mines | Entered Exiles 3786 | -10/Exiles | Met 8R-AWN 3829 | -10/Exiles | Met EX-HEX 3922 | -10/Exiles | Met EX-DEC 3937 | -10/Exiles | Learned location of Zion (-6) 3980 | -10/Exiles | Met EX-BIN 4014 | -10/Exiles | Aligned with FarCom system 4016 | -10/Exiles | Given EX-Vault access code 4071 | -10/Exiles | Opened EX-Vault 4088 | -10/Exiles | Found AWS/Gauss 4139 | -10/Exiles | Warned to stay clear of 0b10 Research branches 4339 | -10/Exiles | Discovered new exit (range 10) 4358 | -10/Exiles | Left Exiles lab with AWS/Gauss 4358 | -10/Exiles | Entered Mines 4409 | -9/Mines | Met a Derelict bent on vengeance 4616 | -9/Mines | A weapon hastily lodged in a ceiling crevice suddenly fell to the ground 4668 | -9/Mines | Learned location of 1 exit from Materials 5162 | -9/Mines | Discovered new exit (range 11) 5185 | -9/Mines | Joined a pair of Derelicts in attacking an 0b10 outpost 5872 | -9/Mines | Entered Materials 5872 | -8/Materials | Accompanied by 1 ally 5872 | -8/Materials | Evolved 4 slots: Propulsion x2, Utility x2 5873 | -8/Materials | Identified exit to Factory 5873 | -8/Materials | Identified exit to Storage 5877 | -8/Materials | Led the pair of lost Derelicts to an unsafe place 6228 | -8/Materials | Build established: Skirmisher 6939 | -8/Materials | Discovered exit to Factory (range 14) 7150 | -8/Materials | Entered Storage 7151 | -8/Storage | Identified exit to Recycling 7153 | -8/Storage | Loaded intel: 23 trap records 8082 | -8/Storage | Garrison activated, responded to threat 8411 | -8/Storage | Assisted by bots powering up and referring to "LRC-V3" 8546 | -8/Storage | Repaired Shield Generator 8606 | -8/Storage | Used back door to open Recycling access 8629 | -8/Storage | Entered Recycling 8629 | -8/Recycling | Accompanied by 9 allies 8958 | -8/Recycling | Build established: Commander-Assassin 9362 | -8/Recycling | Scanned before Scraplab entrance 9402 | -8/Recycling | Angered Scraplab inhabitants 9402 | -8/Recycling | Found Prototype Device 9416 | -8/Recycling | Identified Scrap Engine 9722 | -8/Recycling | Build established: Commander-Mutant 10042 | -8/Recycling | Learned 4 Factory zone layouts 10105 | -8/Recycling | Learned location of 1 exit from Storage 10234 | -8/Recycling | Discovered new exit (range 15) 10237 | -8/Recycling | Learned 2 Storage zone layouts 10261 | -8/Recycling | Learned location of Lower Caves (-7) 10294 | -8/Recycling | Learned location of 1 exit from Lower Caves 11100 | -8/Recycling | Build established: Commander-Construct 12087 | -8/Recycling | Entered Factory 12087 | -6/Factory | Accompanied by 6 allies 12087 | -6/Factory | Evolved 4 slots: Power x1, Utility x2, Weapon x1 12088 | -6/Factory | Identified exit to Factory 12307 | -6/Factory | Lost 4 allies 12534 | -6/Factory | Build established: Construct 12584 | -6/Factory | Repaired Hrd. Medium Armor Plating 12708 | -6/Factory | Identified exit to Lower Caves 13477 | -6/Factory | Entered Lower Caves 13478 | -6/Lower Caves | Identified exit to Lower Caves 13944 | -6/Lower Caves | Ambushed by wild Derelicts 14484 | -6/Lower Caves | Entered another Lower Caves area 14516 | -6/Lower Caves | Learned 8 Factory zone layouts 14649 | -6/Lower Caves | Discovered new exit (range 15) 14948 | -6/Lower Caves | Entered Zion 15023 | -6/Zion | Discovered new exit (range 13) 15036 | -6/Zion | Given the Hacking Drone Bay 15107 | -6/Zion | Entered Proximity Caves 15193 | -5/Proximity Caves | Learned 8 Factory zone layouts 15284 | -5/Proximity Caves | Spotted B-75 Beast 15411 | -5/Proximity Caves | Acquired the password to a Derelict Tinkerer's latest research 15520 | -5/Proximity Caves | Discovered exit to Factory (range 16) 15542 | -5/Proximity Caves | Entered Factory 15542 | -5/Factory | Evolved 2 slots: Utility x1, Weapon x1 15543 | -5/Factory | Identified exit to Extension 15544 | -5/Factory | Identified exit to Upper Caves 15544 | -5/Factory | Identified exit to Factory 15621 | -5/Factory | Discovered exit to Factory (range 14) 15836 | -5/Factory | Build established: Infiltrator-Construct 15957 | -5/Factory | Repaired IFF Parser? 16027 | -5/Factory | Entered Extension 16201 | -5/Extension | Rescued a captive Derelict 16236 | -5/Extension | Rescued a captive Derelict 16467 | -5/Extension | Spotted B-75 Beast 16491 | -5/Extension | Destroyed B-75 Beast 16500 | -5/Extension | Spotted B-75 Beast 16518 | -5/Extension | Destroyed B-75 Beast 16645 | -5/Extension | Build established: Commander-Construct 16727 | -5/Extension | Rescued A7 16888 | -5/Extension | Rescued a captive Derelict 16889 | -5/Extension | Rescued a captive Derelict 16927 | -5/Extension | First assault squad dispatched 16964 | -5/Extension | Rescued a captive Derelict 16964 | -5/Extension | Rescued a captive Derelict 16994 | -5/Extension | Rescued a captive Derelict 17037 | -5/Extension | Rescued a captive Derelict 17170 | -5/Extension | Discovered new exit (range 15) 17171 | -5/Extension | Discovered exit to Factory (range 15) 17246 | -5/Extension | Entered Cetus 17246 | -5/Cetus | Accompanied by 14 allies (A7) 17251 | -5/Cetus | Acquired a Cetus Manufacturing Module code from A7 17266 | -5/Cetus | Spotted Cetus Guard 17266 | -5/Cetus | Spotted Cetus Guard 17271 | -5/Cetus | Spotted Cetus Guard 17272 | -5/Cetus | Spotted Cetus Guard 17282 | -5/Cetus | Destroyed Cetus Guard 17285 | -5/Cetus | Allies destroyed Cetus Guard 17289 | -5/Cetus | Allies destroyed Cetus Guard 17290 | -5/Cetus | Destroyed Cetus Guard 17337 | -5/Cetus | Started Cetus Manufacturing Module 17347 | -5/Cetus | Escorted A7 to Cetus Mainframe 17361 | -5/Cetus | Discovered new exit (range 15) 17362 | -5/Cetus | Manufactured an Enhanced Grunt 17387 | -5/Cetus | Manufactured an Enhanced Grunt 17393 | -5/Cetus | Spotted Cetus Guard 17394 | -5/Cetus | Spotted Cetus Guard 17396 | -5/Cetus | Spotted Cetus Guard 17396 | -5/Cetus | Spotted Cetus Guard 17396 | -5/Cetus | Allies destroyed Cetus Guard 17397 | -5/Cetus | Allies destroyed Cetus Guard 17401 | -5/Cetus | Destroyed Cetus Guard 17404 | -5/Cetus | Allies destroyed Cetus Guard 17412 | -5/Cetus | Manufactured an Enhanced Grunt 17414 | -5/Cetus | Discovered exit to Factory (range 15) 17418 | -5/Cetus | Met Revision 17 17437 | -5/Cetus | Manufactured an Enhanced Grunt 17462 | -5/Cetus | Manufactured an Enhanced Grunt 17609 | -5/Cetus | Entered Archives 17609 | -5/Archives | Accompanied by 18 allies (A7) 17614 | -5/Archives | Received a hacking code to weaken MAIN.C 17643 | -5/Archives | Discovered new exit (range 15) 17654 | -5/Archives | Discovered new exit (range 15) 17667 | -5/Archives | Discovered exit to Factory (range 16) 18350 | -5/Archives | Entered Hub_04(d) 18350 | -5/Hub_04(d) | Accompanied by 15 allies 18351 | -5/Hub_04(d) | Discovered exit to Factory (range 11) 18587 | -5/Hub_04(d) | Network Hub disabled 18606 | -5/Hub_04(d) | Spotted Lightning 18613 | -5/Hub_04(d) | Allies destroyed Lightning 18619 | -5/Hub_04(d) | Found Prototype Energy Cannon 18627 | -5/Hub_04(d) | Spotted Lightning 18650 | -5/Hub_04(d) | Network Hub disabled 18673 | -5/Hub_04(d) | Found Prototype Device 18673 | -5/Hub_04(d) | Identified Exp. Phase Shifter 18674 | -5/Hub_04(d) | Spotted Lightning 18685 | -5/Hub_04(d) | Found Prototype Energy Cannon 18689 | -5/Hub_04(d) | Spotted Lightning 18689 | -5/Hub_04(d) | Spotted Lightning 18690 | -5/Hub_04(d) | Entered Factory 18690 | -4/Factory | Evolved 2 slots: Utility x1, Weapon x1 18691 | -4/Factory | Identified EMDS (x2) 18695 | -4/Factory | Lost 11 allies 18758 | -4/Factory | Found Prototype Processor 18758 | -4/Factory | Identified Exp. Signal Interpreter 18829 | -4/Factory | Repaired Tactical Coordination Suite? 18971 | -4/Factory | Build established: Infiltrator-Construct 19426 | -4/Factory | Found Prototype Launcher 19426 | -4/Factory | Identified Com. Tesla Bomb Launcher 19600 | -4/Factory | Identified exit to Upper Caves 19886 | -4/Factory | Entered Upper Caves 19892 | -4/Upper Caves | Attacked by a delusional Derelict stockpiling parts 20534 | -4/Upper Caves | Attracted the attention of an 0b10 checkpoint 20710 | -4/Upper Caves | Identified exit to Upper Caves 20719 | -4/Upper Caves | Learned Research stockpile data 20722 | -4/Upper Caves | Entered another Upper Caves area 20724 | -4/Upper Caves | Discovered new exit (range 10) 20869 | -4/Upper Caves | Encountered a Warlord checkpoint 21295 | -4/Upper Caves | Attracted the attention of an 0b10 checkpoint 21503 | -4/Upper Caves | Discovered new exit (range 9) 21545 | -4/Upper Caves | Entered Zhirov 21545 | -4/Zhirov | Discovered new exit (range 4) 21561 | -4/Zhirov | Met Zhirov 21595 | -4/Zhirov | Learned location of Testing (-3) 21595 | -4/Zhirov | Learned location of Command (-1) 21600 | -4/Zhirov | Zhirov requested help retrieving the SGEMP Prototype 21615 | -4/Zhirov | Found Alien Artifact 21615 | -4/Zhirov | Identified Integrated Dissipator 21615 | -4/Zhirov | Installed Integrated Dissipator, increased core heat dissipation (+20) 21628 | -4/Zhirov | Found Alien Artifact 21740 | -4/Zhirov | Build established: Construct 21782 | -4/Zhirov | Entered Proximity Caves 22004 | -3/Proximity Caves | Discovered new exit (range 15) 22074 | -3/Proximity Caves | Entered Research 22074 | -3/Research | Evolved 2 slots: Utility x2 22251 | -3/Research | Discovered new exit (range 5) 22274 | -3/Research | Revision forces began assault on 0b10 22306 | -3/Research | Identified exit to Armory 22408 | -3/Research | Build established: Infiltrator-Construct 22535 | -3/Research | Met up with Revision 17++ 22774 | -3/Research | Research terminal network offline 23041 | -3/Research | Spotted Striker 23398 | -3/Research | Found Com. Tesla Bomb Launcher 23447 | -3/Research | Entered Armory 23732 | -3/Armory | Found Powered Armor 23736 | -3/Armory | Found Powered Armor 24060 | -3/Armory | Breached Obliterator storage 24084 | -3/Armory | Identified Transdimensional Reconstructor 24084 | -3/Armory | Warped through subspace to slip node 24084 | -3/Armory | Discovered new exit (range 1) 24086 | -3/Armory | Entered Lab 24086 | -3/Lab | Discovered new exit (range 10) 24097 | -3/Lab | Unable to decrypt terminal 24097 | -3/Lab | Opened the door to a hidden lab 24098 | -3/Lab | Gained access to the hidden lab's interior 24114 | -3/Lab | Found Transdimensional Reconstructor 24126 | -3/Lab | Found Alien Artifact 24127 | -3/Lab | Identified Integrated Reactor 24127 | -3/Lab | Installed Integrated Reactor, increased core energy generation (+10) 24137 | -3/Lab | Found Alien Artifact 24165 | -3/Lab | Entered Research 24165 | -2/Research | Evolved 2 slots: Power x1, Utility x1 24395 | -2/Research | Identified exit to Quarantine 24415 | -2/Research | Identified Core Regenerator 25281 | -2/Research | System corruption reached 10% 25360 | -2/Research | Discovered new exit (range 15) 25475 | -2/Research | Entered Access 25475 | -1/Access | Evolved 2 slots: Propulsion x1, Utility x1 25498 | -1/Access | Found Prototype Device 25498 | -1/Access | Identified Thermal Barrier 25563 | -1/Access | Build established: Scavenger-Construct 26069 | -1/Access | Found Gamma Bomb Array 26240 | -1/Access | Found Prototype Device 26240 | -1/Access | Identified Exp. Shock Absorption System 26454 | -1/Access | Build established: Construct 26655 | -1/Access | Discovered new exit (range 20) 26737 | -1/Access | Entered Command 27122 | -1/Command | Spotted Combat Programmer 27123 | -1/Command | Spotted Combat Programmer 27126 | -1/Command | System corruption reached 10% 27129 | -1/Command | Destroyed Combat Programmer 27135 | -1/Command | Destroyed Combat Programmer 27146 | -1/Command | Spotted M Guard 27170 | -1/Command | Spotted M Guard 27193 | -1/Command | Destroyed M Guard 27195 | -1/Command | Destroyed M Guard 27195 | -1/Command | All MAIN.C guards destroyed 27208 | -1/Command | Found Corrupted Prototype Protection 27208 | -1/Command | Identified Hvy. Regenerative Plating 27216 | -1/Command | Found Corrupted Prototype Device 27216 | -1/Command | Identified AEGIS Remote Shield 27222 | -1/Command | Lost 3 parts (1n2u) 27223 | -1/Command | Found Corrupted Prototype Reactor 27231 | -1/Command | Found Corrupted Hvy. Regenerative Plating 27247 | -1/Command | System corruption reached 30% 27287 | -1/Command | Build established: Scavenger-Construct 27511 | -1/Command | Met MAIN.C 27541 | -1/Command | 0b10 Conduit disabled 27549 | -1/Command | Destroyed MAIN.C Shell 27551 | -1/Command | MAIN.C activated Command garrisons 27582 | -1/Command | Destroyed MAIN.C 27610 | -1/Command | Identified Zero-point Reactor 27610 | -1/Command | Discovered new exit (range 50) 27610 | -1/Command | Discovered new exit (range 99) 27610 | -1/Command | Extracted map data and part IDs from MAIN.C's data core 27613 | -1/Command | Found Exp. Powered Armor 28046 | -1/Command | Found Exp. System Purifier 28062 | -1/Command | Found Exp. Phase Shifter 28217 | -1/Command | Found Zero-point Reactor 28531 | -1/Command | Found Adv. Particle Accelerator 28534 | -1/Command | Found Exp. Core Analyzer 28603 | -1/Command | Warped through subspace to slip node 28603 | -1/Command | Discovered new exit (range 5) 28607 | -1/Command | Entered Access_0 28610 | -1/Access_0 | Met Architect 28615 | -1/Access_0 | Destroyed A8 28638 | -1/Access_0 | Destroyed Architect 28639 | -1/Access_0 | Architect triggered a singularity event 28640 | -1/Access_0 | Released all parts (14) 28642 | -1/Access_0 | Found Hpw. Transdimensional Reconstructor 28643 | -1/Access_0 | Extracted unknown sensor trigger ID from Architect's data core 28643 | -1/Access_0 | Warped through subspace to slip node 28643 | -1/Access_0 | Discovered new exit (range 8) 28647 | *** | Escaped singularity! Last Messages --------------- 28640_ Released Antimatter-Point Reactor. 28640_ Released AEGIS Remote Shield. 28640_ Released Adv. Cooling System. 28640_ Released Exp. Phase Shifter. 28640_ Released Adv. Particle Accelerator. 28641_ A0_COM: 9. 28642_ A0_COM: 8. 28642_ Acquired Hpw. Transdimensional Reconstructor. 28643_ A0_COM: 7. 28643_ Acquired data core, extracted unknown sensor trigger ID. 28643_ Warped through subspace, drawn to slip node. 28643_ EXIT=FOUND 28644_ A0_COM: 6. 28645_ A0_COM: 5. 28646_ A0_COM: 4. 28647_ A0_COM: 3. [Achievement: Planet Killer] Map ----- +----------------------------------------------------+ | | | | | | | | | | | | | | | | | | | | | | | | | | | | | | | | | ?????????????????????????????????????????????????? | | ?????????????????????????????????????????????????? | | ?????????????????????????????????????????????????? | | ?????????????????????????????????????????????????? | | ?????????????????????????????????????????????????? | | ?????????????????????????????????????????????????? | | ????????????????????????###??????????????????????? | | ???????????????????????## ##?????????????????????? | | ???????????????????????# #?????????????????????? | | ???????????????????????# @ #?????????????????????? | | ??????????????????????## #?????????????????????? | | ??????????????????????# #?????????????????????? | | ??????????????????????# ##?????????????????????? | | ??????????????????????## #?????????????????????? | | ??????????????????????# #?????????????????????? | | ??????????????????????# ##?????????????????????? | | ??????????????????????# < #?????????????????????? | | ??????????????????????# ##?????????????????????? | | ??????????????????????## #??????????????????????? | | ???????????????????????####??????????????????????? | | ?????????????????????????????????????????????????? | | ?????????????????????????????????????????????????? | | ?????????????????????????????????????????????????? | | ?????????????????????????????????????????????????? | | ?????????????????????????????????????????????????? | | ?????????????????????????????????????????????????? | | ?????????????????????????????????????????????????? | | ?????????????????????????????????????????????????? | | ?????????????????????????????????????????????????? | | ?????????????????????????????????????????????????? | | ?????????????????????????????????????????????????? | | ?????????????????????????????????????????????????? | | ?????????????????????????????????????????????????? | | ?????????????????????????????????????????????????? | +----------------------------------------------------+ Best States ------------- Heat Dissipation 148 Energy Generation 115 Energy Capacity 1445 Matter Stores 300 Matter Capacity 300 Sight Range 16 Terrain Scan Range 24 Terrain Scan Density 210 Jamming Range 14 Base Temperature (-) 200 Armor Coverage 2100 Utility Shielding 90 Weapon Cycling 20 Phase Shifting 20 Evasion (%) 69 Recoil Reduction 5 Matter Filtering 50 Particle Charging 50 Kinecelleration 40 Offensive Hacking 14 Item Schematics ----------------- Huge Storage Unit | -10/Materials | Hacked Lgt. Fission Core | -8/Recycling | Hacked Assault Drone Bay | -4/Zhirov | Free Exp. Heat Sink | -4/Zhirov | Free Exp. Optical Array | -4/Zhirov | Free Imp. Arc Thrower | -4/Zhirov | Free Robot Schematics ------------------ None Fabricated ------------ Nothing Repaired ---------- Lgt. Treads | 32% | -10/Materials Lgt. Treads | 50% | -10/Materials | Broken Shield Generator | 16% | -8/Storage Hrd. Medium Armor Plating | 61% | -6/Factory IFF Parser | 67% | -5/Factory Tactical Coordination Suite | 32% | -4/Factory Alien Tech Used ----------------- Integrated Dissipator Transdimensional Reconstructor Integrated Reactor High-powered Transdimensional Reconstructor Achievements -------------- Behind The Curtain Corridor Of Doom Planet Killer The Bigger They Are void main() Challenges ------------ None Game ------ Seed FieldTractorWeb Manual? 0 Play Time 05:29:18 Cumulative 533.6 hours Start 2025.08.03 @ 11:31:00 End 2025.08.04 @ 23:13:32 Sessions 5 Manual Loads 0 Difficulty Rogue Special Mode None Game No. 279 Rogue 216 Adventurer 63 Explorer 0 Win Type 6 Total 10 Types 8/0/0/1/0/0/1/0/0/0 Lore% 90 Gallery% 83 Achievement% 69 Wizard Run 0 Options --------- Layout 1 ASCII 0 Keyboard 1 Movement Numpad Keybinds 0 Fullscreen 1 Font 24/Terminus Map View 50x35 Zoom Use 0% Tactical HUD 1 Map Filters NONE Filters NONE Steam 1 RUN: f942fad6-1670-4326-ba5b-56e9e053f88d